 Dungeon Crawl Stone Soup version 0.15.1-3-g1b33baa (webtiles) character file.

263 Psiweapon the Fighter (level 6, 0/78 HPs)
             Began as a Kobold Abyssal Knight on Oct 10, 2014.
             Was a Follower of Lugonu.
             Succumbed to a worker ant's poison
             ... on Level 4 of the Dungeon.
             The game lasted 00:08:09 (2954 turns).

Psiweapon the Fighter (Kobold Abyssal Knight)       Turns: 2954, Time: 00:08:09

HP   0/78        AC 23     Str 18      XL: 6   Next: 42%
MP   8/8         EV  3     Int 15      God: Lugonu [*.....]
Gold 56          SH  0     Dex 23      Spells:  0 memorised,  5 levels left

rFire  . . .     SeeInvis .     a - +1 short sword
rCold  . . .     Clarity  .     b - melded +0 leather armour
rNeg   + + +     rCorr    .     (no shield)
rPois  +         rRot     .     (no helmet)
rElec  .         Spirit   .     (cloak currently unavailable)
SustAb .         Warding  .     (gloves currently unavailable)
rMut   .         NoTele   +     (boots currently unavailable)
Gourm  .                        (no amulet)
MR     .....                    n - +3 ring of strength
                                f - cursed ring of teleportation

@: mighty, brilliant, agile, lethally poisoned, tree-form, not resistant to
hostile enchantments, very stealthy
A: carnivore 3
a: Depart the Abyss, Renounce Religion, Evoke Teleportation


You were on level 4 of the Dungeon.
You worshipped Lugonu.
Lugonu was aware of your devotion.
You were full.
You were an animated tree.
You visited 1 branch of the dungeon, and saw 4 of its levels.
You visited the Abyss 1 time.

You collected 56 gold pieces.

Inventory:

Hand weapons
 a - a +1 short sword (weapon)
Missiles
 e - 12 bolts
 m - 13 poisoned needles
Armour
 b - a +0 leather armour (melded)
Magical devices
 y - a wand of fire (4)
Comestibles
 c - 2 meat rations
 u - 2 slices of pizza
Scrolls
 d - a scroll of random uselessness {unknown}
 g - 4 scrolls of identify {unknown}
 h - a scroll of remove curse {unknown}
 k - a scroll of noise {unknown}
 l - a scroll of fear {unknown}
 q - 4 scrolls of teleportation {unknown}
 s - a scroll of enchant armour {unknown}
 t - 2 scrolls of enchant weapon {unknown}
 w - a scroll of blinking {unknown}
Jewellery
 f - a cursed ring of teleportation (left branch)
 n - a +3 ring of strength (right branch)
 B - an uncursed ring of fire
Potions
 i - a potion of heal wounds {unknown}
 j - a potion of haste {unknown}
 o - a potion of invisibility {unknown}
 x - a potion of lignification
 A - a potion of brilliance
Miscellaneous
 v - a plain deck of war


   Skills:
 - Level 13.2 Fighting
 - Level 3.1 Short Blades
 - Level 1.0 Armour
 - Level 2.8 Dodging
 + Level 5.1 Stealth
 - Level 2.2 Invocations


You had 5 spell levels left.
You didn't know any spells.

Dungeon Overview and Level Annotations

Branches:
Dungeon (4/15)
 Temple: D:4-7

Altars:
Nemelex Xobeh

Annotations:
D:2 Sigmund


Innate Abilities, Weirdness & Mutations

You are small and have problems with some larger weapons.
You are carnivorous and can eat meat at any time.


Message History

You feel clever all of a sudden.
It was a potion of brilliance.
Drink which item? (? for menu, Esc to quit)
You feel very mighty all of a sudden.
It was a potion of might.
* * * LOW HITPOINT WARNING * * *
You feel sick.
Drink which item? (? for menu, Esc to quit)
You feel agile all of a sudden.
It was a potion of agility.
Drink which item? (? for menu, Esc to quit)
You feel more experienced!
Your Fighting skill gained 10 levels and is now at level 13!
It was a potion of experience.
You have reached level 6!
Your experience leads to an increase in your attributes!
Increase (S)trength, (I)ntelligence, or (D)exterity?
You feel agile.
There is a lethal amount of poison in your body!
You die...

..## ..# #.##
####..####..
####..........#
#####.........# #
####.............# .#
###................##..##
........♣..........<....#
........##........>.....#
?###### #............#..
#.............# .
#.............#
#.............#
#.............#
##............# #.......
...


There were no monsters in sight!

Vanquished Creatures
  An orc priest (D:3)
  A worker ant (D:4)
  3 adders (D:3)
  An inept feature mimic (D:2)
  A giant gecko (D:2)
  An ooze (D:3)
  5 orcs (D:3)
  A ball python (D:3)
  2 bats (D:1)
  A giant cockroach (D:3)
  9 goblins
  4 hobgoblins
  2 jackals (D:1)
  A quokka (D:3)
  2 giant newts
  A kobold (D:1)
  5 rats (D:1)
41 creatures vanquished.

Vanquished Creatures (others)
  A starspawn tentacle (Abyss:1)
1 creature vanquished.

Grand Total: 42 creatures vanquished

Notes
Turn   | Place    | Note
--------------------------------------------------------------
     0 | Abyss:1  | Psiweapon, the Kobold Abyssal Knight, began the quest for the Orb.
     0 | Abyss:1  | Reached XP level 1. HP: 14/14 MP: 1/1
   101 | Abyss:1  | Noticed a tentacled starspawn
   106 | D:1      | Escaped the Abyss
   334 | D:1      | Reached XP level 2. HP: 9/19 MP: 2/2
   690 | D:1      | Reached skill level 1 in Armour
   698 | D:1      | Acquired Lugonu's first power
  1178 | D:2      | Noticed Sigmund
  1254 | D:2      | Reached XP level 3. HP: 15/24 MP: 4/4
  1525 | D:3      | Found a sparkling altar of Nemelex Xobeh.
  1584 | D:3      | Reached skill level 1 in Stealth
  1942 | D:3      | Reached XP level 4. HP: 25/29 MP: 5/5
  2281 | D:3      | Reached skill level 4 in Stealth
  2365 | D:3      | HP: 1/29 [adder (3)]
  2380 | D:3      | Reached XP level 5. HP: 10/33 MP: 2/6
  2948 | D:4      | Reached skill level 5 in Stealth
  2948 | D:4      | HP: 1/33 [poisoned by a worker ant]
  2953 | D:4      | Reached skill level 13 in Fighting
  2953 | D:4      | Reached XP level 6. HP: 1/52 MP: 8/8
  2954 | D:4      | Succumbed to a worker ant's poison

Action                   |  1- 3 |  4- 6 || total
-------------------------+-------+-------++-------
Melee: Short sword       |   106 |    67 ||   173
Invok: Depart the Abyss  |     1 |       ||     1
 Abil: Evoke Teleportati |     1 |     1 ||     2
Evoke: Wand              |     1 |       ||     1
  Use: Potion            |       |     8 ||     8
 Stab: Distracted        |       |     1 ||     1
  Eat: Chunk             |     9 |     4 ||    13
